 Dungeon Crawl Stone Soup version 0.22-a0-282-gdd34a7d (webtiles) character file.

66 vishdafish the Charmwright (level 4, -2/34 HPs)
             Began as a Formicid Skald on Mar 18, 2018.
             Slain by Natasha (4 damage)
             ... on level 2 of the Dungeon.
             The game lasted 00:03:16 (2023 turns).

vishdafish the Charmwright (Formicid Skald)         Turns: 2023, Time: 00:03:17

Health: -2/34      AC:  4    Str: 16    XL:     4   Next: 37%
Magic:  7/7        EV: 12    Int: 13    God:
Gold:   115        SH:  0    Dex: 10    Spells: 6/7 levels left

rFire    . . .     SeeInvis +   a - +0 hand axe
rCold    . . .     Gourm    .   (no shield)
rNeg     . . .     Faith    .   b - +1 leather armour
rPois    .         Spirit   .   (helmet unavailable)
rElec    .         Reflect  .   (no cloak)
rCorr    .         Harm     .   (no gloves)
MR       .....                  (no boots)
Stlth    ..........             g - amulet of regeneration
HPRegen  0.51/turn              h - ring of loudness (curse)
MPRegen  0.10/turn              (no ring)

@: no status effects
A: permanent stasis, dig shafts and tunnels, four strong arms, antennae 3
a: Dig, Shaft Self


You were on level 2 of the Dungeon.
You were not hungry.

You visited 1 branch of the dungeon, and saw 2 of its levels.

You collected 115 gold pieces.

Inventory:

Hand Weapons
 a - a +0 hand axe (weapon)
Missiles
 j - 25 bolts
Armour
 b - a +1 leather armour (worn)
Jewellery
 g - an amulet of regeneration (around neck)
 h - a cursed ring of loudness (left hand)
Scrolls
 c - a scroll of immolation
 e - a scroll of identify
Comestibles
 d - 3 rations


   Skills:
 + Level 2.5 Fighting
 * Level 2.8 Axes
 + Level 1.7 Armour
 + Level 2.1 Dodging
 + Level 2.4 Spellcasting
 + Level 3.5 Charms


You had 6 spell levels left.
You knew the following spells:

 Your Spells              Type           Power        Failure   Level  Hunger
a - Infusion              Chrm           ##..         7%          1    #......


Dungeon Overview and Level Annotations

Branches:
Dungeon (2/15)

Altars:

Annotations:
D:2 Natasha


Innate Abilities, Weirdness & Mutations

You cannot be hasted, slowed, berserked, paralysed or teleported.
You can dig through walls and to a lower floor.
Your four strong arms can wield two-handed weapons with a shield.
You have a pair of large antennae on your head. (SInv)


Message History

You barely miss the white imp. Natasha claws you.
* * * LOW HITPOINT WARNING * * *
The white imp hits you but does no damage.
You closely miss Natasha.
Natasha is almost dead.
You hit the white imp but do no damage. Natasha claws you.
* * * LOW HITPOINT WARNING * * *
The white imp hits you but does no damage.
You miss Natasha.
Natasha is almost dead.
You barely miss the white imp.
Natasha mumbles some strange words.
The white imp gestures at you. The puff of frost misses you.
The puff of frost hits the iron imp.
The iron imp resists.
Okay, then.
You aren't carrying any potions.
You barely miss Natasha.
Natasha is almost dead.
You barely miss the iron imp. You hit the white imp. Natasha claws you.
You die...

##### #...#
#5#.# #@#.#
......h5#.###
#########...#
###.# ######
#.# #....#
#.####.##.#
#.........#
#######.######
###.......


You could see an iron imp, Natasha and a white imp.

Vanquished Creatures
  Robin (D:2)
  An ooze (D:1)
  A dart slug (D:1)
  A giant cockroach (D:1)
  12 goblins
  10 hobgoblins
  4 jackals
  4 kobolds
  3 bats
  4 rats
41 creatures vanquished.

Notes
Turn   | Place    | Note
-------+----------+-------------------------------------------
     0 | D:1      | vishdafish the Formicid Skald began the quest for the Orb.
     0 | D:1      | Reached XP level 1. HP: 16/16 MP: 3/3
   351 | D:1      | Reached XP level 2. HP: 18/22 MP: 5/5
   742 | D:1      | Reached XP level 3. HP: 27/28 MP: 6/6
  1435 | D:2      | Noticed Robin
  1540 | D:1      | Reached XP level 4. HP: 22/34 MP: 7/7
  1646 | D:2      | Killed Robin
  2009 | D:2      | Noticed Natasha
  2021 | D:2      | HP: 1/34 [Natasha (3)]
  2023 | D:2      | Slain by Natasha

Vault maps used:
D:1:      shiori_arrival_oz, moated_statue
D:2:      first_ration, uniq_robin, uniq_natasha

Skill      XL: |  1  2  3 |
---------------+----------+-----
Dodging        | 2 |  2.1
Fighting       | |  2.5
Axes           | |  2.8
Armour         | |  1.7
Spellcasting   | |  2.4
Charms         | |  3.5

Action                   |  1- 3 |  4- 6 || total
-------------------------+-------+-------++-------
Melee: Hand axe          |   108 |    45 ||   153
  Use: Scroll            |     1 |     3 ||     4
       Potion            |     2 |       ||     2
 Stab: Invisible         |     1 |     1 ||     2
  Eat: Chunk             |     1 |       ||     1
       Ration            |       |     1 ||     1
Armor: Leather armour    |    30 |    12 ||    42
Dodge: Dodged            |    98 |    21 ||   119

Table legend:
 A = Spawn XP
 B = Non-spawn XP
 C = Spawn XP percentage of total XP
 D = Spawn monster count
 E = Non-spawn monster count
 F = Spawn count percentage of total count
 G = Total turns spent on level
                    A         B        C        D         E        F      G
               +---------+---------+-------+---------+---------+-------+---------
         Total |       0 |      95 |   0.0 |       0 |      41 |   0.0 |  2023
               +---------+---------+-------+---------+---------+-------+---------
           D:1 |       0 |      65 |   0.0 |       0 |      32 |   0.0 |  1802
           D:2 |       0 |      30 |   0.0 |       0 |       9 |   0.0 |   221
               +---------+---------+-------+---------+---------+-------+---------
